 Dungeon Crawl Stone Soup version 0.17-b1-36-g7b1967c (console) character file.

437 rchandra the Firebug (level 6, -1/41 HPs)
             Began as a Demonspawn Fire Elementalist on Nov 6, 2015.
             Was an Initiate of Fedhas.
             Slain by Blork the orc
             ... wielding a +0 glaive
              (7 damage)
             ... on level 5 of the Dungeon.
             The game lasted 00:16:11 (5060 turns).

rchandra the Firebug (Demonspawn Fire Elementalist) Turns: 5060, Time: 00:16:11

Health: -1/41      AC:  8    Str:  5 (8)  XL:     6   Next: 69%
Magic:  1/12       EV: 12    Int: 18      God:    Fedhas [......]
Gold:   204        SH:  0    Dex: 14      Spells: 4 memorised, 3 levels left

rFire  . . .     SeeInvis .     a - +1 hand axe (elec)
rCold  . . .     Clarity  .     s - +0 robe
rNeg   . . .     SustAt   .     (no shield)
rPois  .         Gourm    .     u - +1 helmet
rElec  .         Spirit   .     (no cloak)
rCorr  .         Warding  .     (no gloves)
rMut   .         Stasis   .     (no boots)
MR     .....                    (no amulet)
Stlth  +++.......               (no ring)
                                (no ring)

@: very slightly contaminated, slowed, very slow, not resistant to hostile
enchantments, fairly stealthy
A: iridescent scales 1, nightstalker 1
a: Renounce Religion


You were on level 5 of the Dungeon.
You worshipped Fedhas.
Fedhas was noncommittal.
You were hungry.

You visited 1 branch of the dungeon, and saw 5 of its levels.

You collected 204 gold pieces.

Inventory:

Hand Weapons
 a - a +1 hand axe of electrocution (weapon)
   (You found it on level 2 of the Dungeon)
 e - a +0 dagger
 f - a +0 spear
 x - a +0 scimitar
 C - the +6 hand crossbow of Karma {freeze, rN++, unknown}
   (You found it on level 4 of the Dungeon)

   It causes projectiles fired from it to freeze those they strike, causing
   extra injury to most foes and up to half again as much damage against
   particularly susceptible opponents.
   They can also slow down cold-blooded creatures.
   It greatly protects you from negative energy.
Armour
 s - a +0 robe (worn)
 u - a +1 helmet (worn)
Scrolls
 d - 4 scrolls of identify {@r1}
 g - 2 scrolls of teleportation {unknown}
 h - 2 scrolls of magic mapping
 j - a scroll of recharging
 l - a scroll of enchant armour
 m - a scroll of immolation {unknown}
 o - a scroll of amnesia {unknown}
 v - a scroll of remove curse {unknown}
 y - a scroll of random uselessness {unknown}
 A - a scroll of noise {unknown}
 E - a scroll of fog {unknown}
 F - a scroll of enchant weapon {unknown}
Potions
 i - a potion of might {unknown}
 k - a potion of mutation {unknown}
 n - a potion of degeneration {!q}
 p - a potion of agility {unknown}
 r - a potion of heal wounds {unknown}
 t - a potion of curing
 B - a potion of poison {unknown}
 H - a potion of haste {unknown}
Books
 b - a book of Flames

   Spells                             Type                      Level
   a - Flame Tongue                   Conjuration/Fire             1
   b - Throw Flame                    Conjuration/Fire             2
   c - Conjure Flame                  Conjuration/Fire             3
   d - Inner Flame                    Hexes/Fire                   3
   e - Sticky Flame                   Conjuration/Fire             4
   f - Fireball                       Conjuration/Fire             5
 q - a book of the Tempests

   Spells                             Type                      Level
   a - Static Discharge               Conjuration/Air              3
   b - Lightning Bolt                 Conjuration/Air              5
   c - Fireball                       Conjuration/Fire             5
   d - Tornado                        Air                          9
   e - Shatter                        Earth                        9
Comestibles
 c - 3 bread rations
 w - a meat ration
 z - 16 fruits {!e}
 D - 2 beef jerkies


   Skills:
 - Level 1.7 Dodging
 - Level 1.7 Stealth
 + Level 4.0 Spellcasting
 + Level 4.0 Conjurations
 + Level 4.5 Fire Magic


You had 3 spell levels left.
You knew the following spells:

 Your Spells              Type           Power        Failure   Level  Hunger
b - Conjure Flame         Conj/Fire      ###.....     10%         3    ###....
h - Sticky Flame          Conj/Fire      ###.....     28%         4    ####...
k - Throw Flame           Conj/Fire      ###...       4%          2    ##.....
y - Flame Tongue          Conj/Fire      ###..        2%          1    None


Dungeon Overview and Level Annotations

Branches:
Dungeon (5/15)             Temple (0/1) D:4

Altars:
Ashenzari
Fedhas

Annotations:
D:5 Blork the orc


Innate Abilities, Weirdness & Mutations

You are partially covered in iridescent scales (AC +4).
You are slightly more attuned to the shadows.


Message History

Press: ? - help, Shift-Dir - straight line, f/p - Blork the orc
Aim: Blork the orc, wielding a glaive, wearing a robe and carrying a wand of slowing {zapped: 8} (severely wounded)
You miscast Sticky Flame.
You feel uncomfortably hot.
* * * LOW MAGIC WARNING * * *
You feel sick.
Blork the orc looks braver for a moment.
The scorpion stings you.
* * * LOW HITPOINT WARNING * * *
Blork the orc zaps a wand.
You resist with some effort. The scorpion closely misses you.
You take 7 damage, and have 12/41 hp.
You now have 0/12 mp.
Unknown command.
Drink which item? (? for menu, Esc to quit)
It was a potion of curing.
You feel better.
Blork the orc zaps a wand.
You resist with some effort. The scorpion stings you.
You regained 10 hp, and now have 22/41 hp.
Drink which item? (? for menu, Esc to quit)
It was a potion of degeneration.
There was something very wrong with that liquid.
You feel weakened.
Blork the orc zaps a wand.
You resist with some effort.
The scorpion stings you but does no damage.
Blork the orc hits you with a glaive. The scorpion stings you!
* * * LOW HITPOINT WARNING * * *
You take 14 damage, and have 8/41 hp.
MASSIVE DAMAGE!!
Read which item? (? for menu, Esc to quit)
As you read the scroll labeled ILEFIT QUMP, it crumbles to dust.
It is a scroll of enchant armour.
Enchant which item? (? for menu, Esc to quit)
Your +0 helmet glows green for a moment.
The scorpion stings you.
* * * LOW HITPOINT WARNING * * *
Blork the orc zaps a wand.
You resist with some effort.
You take 2 damage, and have 6/41 hp.
Read which item? (? for menu, Esc to quit)
As you read the scroll labeled EPRIQE ISISU, it crumbles to dust.
You feel aware of your surroundings.
You sensed 2 altars.
It was a scroll of magic mapping.
The scorpion misses you.
Blork the orc screams, "I'm much stronger than you!"
Blork the orc zaps a wand.
You resist with some effort. The scorpion barely misses you.
Read which item? (? for menu, Esc to quit)
As you read the scroll labeled GERGHIPS POTT, it crumbles to dust.
It is a scroll of identify.
Identify which item? (\ to view known items) (? for menu, Esc to quit)
j - a scroll of recharging Blork the orc zaps a wand.
You resist with some effort. The scorpion barely misses you.
Blork the orc hits you with a glaive!
You die...
Fedhas appreciates your contribution to the ecosystem.

** *,* *,**,,,,,,**,** ,***** *,*
*,**,**,,,,,,,, ,,,,,* ##,**
*,**,**,****,** ,***,* #...*
*,,,,,,,* *,** ,***,*
#.[.#####*****,**** *,,, ,,**,*
#...##..,,,,,*,** ******
*,**,####...##.##***,,*,** *,,,,,
,,,*,...........###*,***,***,,,,,
,,,,,..........sЖo#*,,*,*,,,,,,,,
,,,**..?........#.#*,*,**,**,,,,,
*,,***###...##.##.#*,,,**,**,,,,,
*,,* #...##.......,***,*******
,,,* #...####...##,***,* *,**
###...###*.#...,,,,,* ,,*
#.......#*,..##,*********** ***
#..#.#..#**##**,* *,,,,,,,,
#..#.#..# *,***,*****,*


You could see Blork the orc and a scorpion.

Vanquished Creatures
  2 scorpions (D:4 D:5)
  An orc priest (D:4)
  A worker ant (D:3)
  2 orc wizards (D:3 D:4)
  2 iguanas (D:5)
  A gnoll (D:1)
  5 adders (D:1 D:2 D:3 D:4 D:5)
  2 adder skeletons (D:4 D:5)
  2 worms (D:3)
  3 giant geckos (D:1 D:2 D:4)
  16 orcs (D:3 D:2 D:4 D:5)
  8 bats (D:1 D:2 D:3)
  8 giant cockroaches (D:1 D:2 D:4 D:5)
  3 hobgoblins (D:1 D:2 D:3)
  6 jackals (D:2 D:4)
  4 quokkas (D:2 D:3 D:4)
  5 ball pythons (D:1 D:2 D:3 D:4)
  7 giant newts (D:1 D:2 D:3 D:4)
  12 goblins (D:1 D:2 D:3)
  7 kobolds (D:1 D:2 D:3)
  A quokka skeleton (D:4)
  6 rats (D:1 D:3)
104 creatures vanquished.

Vanquished Creatures (others)
  17 toadstools (D:2 D:3 D:5)
17 creatures vanquished.

Grand Total: 121 creatures vanquished

Notes
Turn   | Place    | Note
--------------------------------------------------------------
     0 | D:1      | rchandra the Demonspawn Fire Elementalist began the quest for the Orb.
     0 | D:1      | Reached XP level 1. HP: 13/13 MP: 3/3
   167 | D:1      | Gained mutation: You are partially covered in iridescent scales (AC +4). [demonic ancestry]
   167 | D:1      | Reached XP level 2. HP: 14/19 MP: 0/5
   190 | D:1      | Learned a level 2 spell: Throw Flame
   259 | D:1      | Reached skill level 3 in Fire Magic
   715 | D:1      | Found a shattered altar of Ashenzari.
   746 | D:1      | Reached XP level 3. HP: 24/24 MP: 2/6
  1043 | D:1      | Reached skill level 2 in Conjurations
  1104 | D:1      | Learned a level 3 spell: Conjure Flame
  1379 | D:2      | Found a blossoming altar of Fedhas.
  1393 | D:2      | Became a worshipper of Fedhas Madash
  1719 | D:2      | Reached XP level 4. HP: 30/30 MP: 2/7
  2735 | D:3      | Reached skill level 3 in Spellcasting
  2951 | D:3      | Reached skill level 3 in Conjurations
  2951 | D:3      | Gained mutation: You are slightly more attuned to the shadows. [demonic ancestry]
  2951 | D:3      | Reached XP level 5. HP: 22/35 MP: 0/9
  2973 | D:3      | Learned a level 4 spell: Sticky Flame
  3605 | D:4      | Noticed a phantom
  3618 | D:4      | Reached skill level 4 in Fire Magic
  3955 | D:4      | Got a jewelled hand crossbow
  4267 | D:4      | Found a staircase to the Ecumenical Temple.
  4467 | D:4      | Reached XP level 6. HP: 24/41 MP: 1/11
  4726 | D:5      | Entered Level 5 of the Dungeon
  4825 | D:5      | Reached skill level 4 in Spellcasting
  4967 | D:5      | Reached skill level 4 in Conjurations
  4975 | D:5      | Noticed Blork the orc
  5060 | D:5      | Slain by Blork the orc

Action                   |  1- 3 |  4- 6 || total
-------------------------+-------+-------++-------
Melee: Hand axe          |       |    85 ||    85
 Cast: Flame Tongue      |    46 |    93 ||   139
       Throw Flame       |    22 |    41 ||    63
       Sticky Flame      |       |     2 ||     2
       Conjure Flame     |       |     1 ||     1
  Use: Scroll            |       |     3 ||     3
       Potion            |       |     2 ||     2
 Stab: Sleeping          |       |     1 ||     1
  Eat: Chunk             |     4 |    13 ||    17

Vault maps used:
D:1:      tarquinn_simple_flora_water_d, nicolae_ashenzari_panopticon
D:2:      overflow_temple_1_default, serial_glass, glass_columns_a,
          glass_columns_c, first_bread
D:3:      kennysheep_nondescript, guppyfry_early_lair_pool
D:4:      temple_hall
D:5:      kennysheep_mini_moat, basic_altar, uniq_sigmund, uniq_blork_the_orc
